 Dungeon Crawl Stone Soup version 0.28.0-47-ge53b351184 (webtiles) character file.

Game seed: 2985001756561503679

1141 bobregger the Basher (level 8, -4/78 HPs)
             Began as an Ogre Berserker on May 6, 2022.
             Was a Believer of Trog.
             Slain by an orc
             ... wielding a +0 flail
              (6 damage)
             ... on level 6 of the Dungeon.
             The game lasted 00:05:41 (5344 turns).

bobregger the Basher (Ogre Berserker)               Turns: 5344, Time: 00:05:41

Health: -4/78      AC:  9    Str: 28    XL:     8   Next: 37%
Magic:  8/8        EV: 10    Int:  8    God:    Trog [**....]
Gold:   272        SH:  0    Dex: 10    Spells: 7/7 levels left

rFire   . . .      SeeInvis .   v - +2 giant spiked club
rCold   . . .      Faith    .   (shield currently unavailable)
rNeg    . . .      Spirit   .   b - +0 animal skin
rPois   .          Reflect  .   (helmet restricted)
rElec   .          Harm     .   f - +1 cloak
rCorr   .          Rampage  .   (gloves unavailable)
Will    ++...                   (boots unavailable)
Stlth   +.........              (no amulet)
HPRegen 1.23/turn               u - +6 ring of strength
MPRegen 0.11/turn               h - +4 ring of protection

@: lethally poisoned (-4 -> -4), strong-willed, on berserk cooldown,
regenerating, slowed, very slow
A: large, unfitting armour, tough skin 1, no potion heal 1
a: Renounce Religion, Berserk, Trog's Hand


You were on level 6 of the Dungeon.
You worshipped Trog.
Trog was pleased with you.
You visited 1 branch of the dungeon, and saw 6 of its levels.

You collected 272 gold pieces.

Inventory:

Hand Weapons
 v - a +2 giant spiked club (weapon)
Armour
 b - a +0 animal skin (worn)
 f - a +1 cloak (worn)
Jewellery
 g - a ring of protection from fire
 h - a +4 ring of protection (right hand)
 i - a ring of flight
 l - a ring of magical power
 u - a +6 ring of strength (left hand)
Scrolls
 t - a scroll of teleportation


   Skills:
 - Level 4.0 Fighting
 + Level 9.3 Maces & Flails
 - Level 2.6 Dodging


You had 7 spell levels left.
You didn't know any spells.
Your spell library was empty.

Dungeon Overview and Level Annotations

Branches:
Dungeon (6/15)             Temple (0/1) D:5

Altars:
Ashenzari
Gozag
Kikubaaqudgha

Shops:
D:2 ?


Innate Abilities, Weirdness & Mutations

You are too large for most types of armour.
You have tough skin. (AC +1)
Potions are less effective at restoring your health.


Message History

You hear some strange, mumbled words.
A magic dart appears from out of thin air!
The magic dart hits you but does no damage.
You miss something. Something hits you but does no damage.
You are poisoned.
The orc priest miscasts a cantrip.
Something hits you but does no damage.
You are more poisoned.
You closely miss something.
You feel the effects of Trog's Hand fading.
You feel very sick. Something hits you but does no damage.
You are more poisoned.
Something hits you but does no damage.
You are more poisoned.
You bludgeon something!! Trog accepts your kill.
Trog appreciates your killing of a magic user.
Reactivating autopickup.
You feel a bit more experienced.
* * * LOW HITPOINT WARNING * * *
You feel extremely sick. The orc hits you but does no damage.
You puncture the orc!
You kill the orc!
Trog accepts your kill.
You feel extremely sick. The orc barely misses you.
You closely miss the orc.
Your skin stops crawling.
You feel less strong-willed.
* * * LOW HITPOINT WARNING * * *
You feel very sick. The orc hits you with a +0 flail.
* * * LOW HITPOINT WARNING * * *
The orc barely misses you.
Your skin crawls.
You feel strong-willed.
You feel very sick. The orc hits you with a +0 flail.
You die...

###########
#.........#
#.#######.# #.#
#.#
#.#######.########
#.#......#.......#
#@#.#####.######.#
#o# #.######.# #o#
#.##...... #.#
#.##.#####
#.........# #
.##.####### # ..
... # ##. ### # ..
#


You could see an orc priest and an orc.

Vanquished Creatures
  A necrophage (D:5)
  An orc warrior (D:6)
  A sky beast (D:5)
  2 black bears
  An ogre (D:5)
  A phantom (D:4)
  A water moccasin skeleton (D:4)
  A howler monkey (D:5)
  3 hounds
  2 bullfrog skeletons (D:4)
  2 iguanas
  3 orc wizards
  A howler monkey skeleton (D:4)
  5 adders
  A worm (D:4)
  A dart slug (D:3)
  17 orcs
  6 endoplasms
  2 giant cockroaches
  12 goblins
  8 hobgoblins
  3 jackals (D:2)
  11 ball pythons
  3 bats
  5 frilled lizards
  7 kobolds
  3 rats (D:2)
104 creatures vanquished.

Notes
Turn   | Place    | Note
-------+----------+-------------------------------------------
     0 | D:1      | bobregger the Ogre Berserker began the quest for the Orb.
     0 | D:1      | Reached XP level 1. HP: 24/24 MP: 1/1
    27 | D:1      | Reached skill level 3 in Maces & Flails
    87 | D:1      | Reached XP level 2. HP: 28/32 MP: 2/2
   367 | D:1      | Found a faded altar of an unknown god.
   693 | D:1      | Reached XP level 3. HP: 35/39 MP: 3/3
  1178 | D:2      | Reached ** piety under Trog
  1183 | D:2      | Reached skill level 4 in Maces & Flails
  1830 | D:2      | Reached XP level 4. HP: 48/48 MP: 4/4
  1939 | D:2      | Found Suinuela's Magic Scroll Boutique.
  3195 | D:4      | Reached skill level 5 in Maces & Flails
  3214 | D:4      | Reached XP level 5. HP: 44/54 MP: 5/5
  3269 | D:4      | Found a broken altar of Ashenzari.
  3284 | D:4      | Found an ancient bone altar of Kikubaaqudgha.
  3389 | D:4      | Reached skill level 6 in Maces & Flails
  3389 | D:4      | Reached XP level 6. HP: 62/62 MP: 6/6
  3989 | D:4      | Found an opulent altar of Gozag.
  4238 | D:5      | Entered Level 5 of the Dungeon
  4248 | D:5      | Reached skill level 7 in Maces & Flails
  4248 | D:5      | Reached XP level 7. HP: 67/70 MP: 7/7
  4344 | D:5      | Found a staircase to the Ecumenical Temple.
  4496 | D:5      | Reached skill level 8 in Maces & Flails
  4654 | D:5      | Reached XP level 8. HP: 78/78 MP: 8/8
  4857 | D:5      | Gained mutation: Potions are less effective at restoring
                  | your health. [potion of mutation]
  5321 | D:6      | Reached skill level 9 in Maces & Flails
  5344 | D:6      | HP: 2/78 [poisoned by an orc wizard]
  5344 | D:6      | Slain by an orc

Illustrated notes

Levels and vault maps discovered:
D:1:      moated_graveyard_arrival, layout_rooms,
          hellmonk_ecumenical_altar_lost_god, hangedman_decor_points,
          hangedman_abyss_or_decor_lesser_grid
D:2:      layout_rooms, serial_shops, shop, roderic_roman_lattice
D:3:      layout_loops_ring, kennysheep_generic_room_11
D:4:      minmay_general_purpose_star, layout_basic, nicolae_gozag_seed_capital,
          mainiacjoe_overflow_catwalk_spiral
D:5:      layout_cave_pools, minmay_temple_entry_waves
D:6:      layout_loops_ring, minmay_strange_pillars

Skill      XL: |  1  2  3  4  5  6  7  8 |
---------------+-------------------------+-----
Maces & Flails | 3 4 5 6 7 8 9 |  9.3
Fighting       | |  4.0
Dodging        | |  2.6

Action                   |  1- 3 |  4- 6 |  7- 9 || total
-------------------------+-------+-------+-------++-------
Melee: Mace              |   116 |   184 |    68 ||   368
       Punch             |       |     2 |     1 ||     3
       Giant spiked club |       |       |    21 ||    21
Invok: Berserk           |     1 |     4 |     4 ||     9
       Trog's Hand       |       |     1 |     4 ||     5
  Use: Potion            |       |       |    11 ||    11
       Scroll            |       |       |     6 ||     6
Armor: Animal skin       |    53 |    81 |    65 ||   199
Dodge: Dodged            |    93 |    94 |    58 ||   245
